 Dungeon Crawl Stone Soup version 0.28-b1-25-g9875b3fc8c (webtiles) character file.

Game seed: 14759115024151262196

105273 growler the Stormcaller (level 16, -36/106 HPs)
             Began as a Tengu Air Elementalist on Feb 2, 2022.
             Was a High Priest of Vehumet.
             Annihilated by a very large slime creature (59 damage)
             ... on level 13 of the Dungeon.
             The game lasted 01:21:22 (42178 turns).

growler the Stormcaller (Tengu Air Elementalist)   Turns: 42178, Time: 01:21:23

Health: -36/106    AC:  8    Str:  8    XL:     16   Next: 41%
Magic:  13/29      EV: 24    Int: 28    God:    Vehumet [*****.]
Gold:   1988       SH: 17    Dex: 17    Spells: 10/31 levels left

rFire   + . .      SeeInvis +   j - staff of air
rCold   + . .      Faith    .   i - +0 kite shield
rNeg    . . .      Spirit   .   V - +0 steam dragon scales
rPois   .          Reflect  +   P - +0 hat {Stlth+}
rElec   +          Harm     .   C - +0 cloak
rCorr   .          Rampage  .   b - +1 pair of gloves
Will    +....                   (boots unavailable)
Stlth   +++.......              L - amulet of reflection
HPRegen 0.27/turn               K - +6 ring of intelligence
MPRegen 0.21/turn               F - ring of the Messenger {rElec rF+ rC+ SInv}

@: flying quickly and evasively, quick
A: beak, talons 3, nimble flight
a: Renounce Religion


You were on level 13 of the Dungeon.
You worshipped Vehumet.
Vehumet was extremely pleased with you.
You visited 4 branches of the dungeon, and saw 24 of its levels.

You collected 2693 gold pieces.
You spent 705 gold pieces at shops.

Inventory:

Armour
 b - a +1 pair of gloves (worn)
   (You found it on level 1 of the Dungeon)
 i - a +0 kite shield (worn)
   (You found it on level 10 of the Dungeon)
 C - a +0 cloak (worn)
   (You found it on level 8 of the Dungeon)
 G - an orb of guile
   (You found it on level 8 of the Dungeon)
 P - a +0 hat of stealth (worn)
   (You found it on level 6 of the Lair of Beasts)
 V - +0 steam dragon scales (worn)
   (You found it on level 6 of the Dungeon)
Magical Staves
 j - a staff of air (weapon)
   (You found it on level 2 of the Dungeon)
Jewellery
 z - a ring of see invisible
   (You found it on level 12 of the Dungeon)
 B - a ring of resist corrosion
   (You found it on level 11 of the Dungeon)
 F - the ring of the Messenger (right hand) {rElec rF+ rC+ SInv}
   (You bought it in a shop on level 8 of the Dungeon)

   [ring of see invisible]

   rF:        It protects you from fire.
   rC:        It protects you from cold.
   rElec:     It insulates you from electricity.
   SInv:      It lets you see invisible.
 K - a +6 ring of intelligence (left hand)
   (You found it on level 5 of the Dungeon)
 L - an amulet of reflection (around neck)
   (You found it on level 2 of the Lair of Beasts)
 N - a ring of ice
   (You found it on level 3 of the Lair of Beasts)
 T - a ring of positive energy
   (You found it on level 6 of the Lair of Beasts)
 Y - a +4 ring of protection
   (You found it on level 7 of the Dungeon)
Wands
 d - a wand of iceblast (24)
   (You took it off Ijyb on level 3 of the Dungeon)
 t - a wand of flame (18)
   (You found it on level 1 of the Lair of Beasts)
 x - a wand of acid (8)
   (You found it on level 15 of the Dungeon)
 J - a wand of polymorph (13)
   (You found it on level 2 of the Lair of Beasts)
 Q - a wand of mindburst (3)
   (You found it on level 4 of the Lair of Beasts)
 R - a wand of charming (9)
   (You found it on level 5 of the Lair of Beasts)
Scrolls
 a - a scroll of torment {unknown}
 c - 2 scrolls of vulnerability {unknown}
 f - a scroll of holy word
 g - 9 scrolls of teleportation {@r4}
 h - 2 scrolls of silence
 k - 7 scrolls of identify {@r1}
 m - 2 scrolls of fog
 n - 5 scrolls of enchant weapon
 p - 3 scrolls of fear
 q - 2 scrolls of enchant armour
 s - a scroll of magic mapping
 u - 2 scrolls of summoning {unknown}
 I - 3 scrolls of amnesia
 M - 3 scrolls of blinking
 S - 3 scrolls of immolation {!r}
Potions
 e - 3 potions of degeneration {!q}
 l - 5 potions of brilliance {unknown}
 o - 6 potions of flight {unknown}
 r - 6 potions of heal wounds {@q2}
 v - 2 potions of resistance
 w - 5 potions of mutation {unknown}
 y - 11 potions of curing {@q1}
 A - 2 potions of berserk rage
 D - 3 potions of magic
 E - 3 potions of lignification {!q}
 H - 4 potions of attraction {!q}
 O - 2 potions of haste {@q3}
 U - a potion of invisibility
 W - a potion of might {unknown}
 X - a potion of cancellation {unknown}


   Skills:
 + Level 14.2 Fighting
 + Level 15.5 Dodging
 - Level 2.0 Stealth
 - Level 10.0 Shields
 + Level 8.4 Spellcasting
 + Level 11.0 Conjurations
 + Level 19.3 Air Magic


You had 10 spell levels left.
You knew the following spells:

 Your Spells              Type           Power      Damage    Failure   Level
a - Shock                 Conj/Air       100%       1d9       0%          1
b - Airstrike             Air            55%        N/A       1%          4
c - Freezing Cloud        Conj/Ice/Air   40%        6-21      1%          5
d - Static Discharge      Conj/Air       98%        N/A       1%          2
e - Conjure Ball Lightni  Conj/Air       49%        3x3d17    1%          6
s - Swiftness             Air            100%       N/A       0%          3

Your spell library contained the following spells:

 Spells                   Type           Power      Damage    Failure   Level
 Lee's Rapid Deconstruct  Erth           5%         3d7*      54%         5
 Poisonous Vapours        Pois/Air       100%       N/A       1%          2
 Conjure Flame            Conj/Fire      42%        6-21      1%          3
 Dazzling Flash           Conj/Hex       84%        N/A       1%          3
 Sticky Flame             Conj/Fire      42%        2d6       3%          4
 Silence                  Hex/Air        39%        N/A       5%          5
 Ignite Poison            Fire/Tmut/Pois 11%        N/A       9%          3
 Irradiate                Conj/Tmut      21%        3d20      9%          5
 Sting                    Tmut/Pois      44%        1d5       11%         1
 Summon Small Mammal      Summ           44%        N/A       11%         1
 Sublimation of Blood     Necr           11%        N/A       16%         2
 Wereblood                Tmut           11%        N/A       16%         2
 Orb of Destruction       Conj           32%        9d10      24%         7
 Olgreb's Toxic Radiance  Pois           11%        N/A       26%         4
 Call Canine Familiar     Summ           11%        N/A       30%         3
 Summon Guardian Golem    Hex/Summ       11%        N/A       30%         3
 Passage of Golubria      Tloc           11%        N/A       71%         4
 Spellforged Servitor     Conj/Summ      21%        N/A       89%         7
 Agony                    Necr           11%        N/A       96%         5
 Blade Hands              Tmut           5%         N/A       96%         5
 Dragon Form              Tmut           5%         N/A       100%        7
 Summon Hydra             Summ           5%         N/A       100%        7
 Discord                  Hex            5%         N/A       100%        8
 Disjunction              Tloc           5%         N/A       100%        8
 Lehudib's Crystal Spear  Conj/Erth      21%        10d6      100%        8


Dungeon Overview and Level Annotations

Branches:
Dungeon (15/15)            Temple (1/1) D:6            Lair (6/6) D:9
  Swamp (0/4) Lair:3       Spider (0/4) Lair:3        Slime (0/5) Lair:5
    Orc (2/2) D:10            Elf (0/3) Orc:2        Vaults (0/5) D:14
 Depths (0/4) D:15

Altars:
Elyvilon
Gozag
Vehumet
Wu Jian
Zin
The Shining One
Beogh
Jiyva

Shops:
D:8 *   D:11 !   Orc:1 [   Orc:2 :(((

Annotations:
D:5 3 runed translucent doors, Fractals's ghost, novice OpBr; JerBear56's ghost, novice GnFi; pkoi's ghost, amateur MiHu; zeram's ghost, novice OpFi
Lair:4 3 runed translucent doors, Kuerar's ghost, journeyman BaFi


Innate Abilities, Weirdness & Mutations

You have a beak for a mouth.
You have claws for feet.
Your magical nature lets you fly swiftly and evasively.


Message History

The lightning grounds out.
The slime creature is struck by an arc of lightning!
The lightning grounds out.
You block the very large slime creature's attack.
You block the slime creature's attack.
A very large slime creature splits.
You feel a surge of power!
The slime creature is struck by an arc of lightning!
You resist.
You are struck by an arc of lightning.
The slime creature is struck by an arc of lightning!
The large slime creature is struck by an arc of lightning.
The lightning grounds out.
The large slime creature is struck by an arc of lightning!
You resist.
You are struck by an arc of lightning.
The slime creature is struck by an arc of lightning.
The lightning grounds out.
Two slime creatures merge to form a very large slime creature.
The slime creature hits you! The slime creature barely misses you.
You feel a surge of power!
The slime creature is struck by an arc of lightning.
You resist.
You are struck by an arc of lightning.
The slime creature is struck by an arc of lightning!
The lightning grounds out.
The very large slime creature is struck by an arc of lightning!
The lightning grounds out.
The slime creature is struck by an arc of lightning.
You resist.
You are struck by an arc of lightning.
The very large slime creature hits you!!!
* * * LOW HITPOINT WARNING * * *
You block the slime creature's attack. x2
You feel a surge of power!
The slime creature is struck by an arc of lightning!
The slime creature is struck by an arc of lightning.
You resist.
You are struck by an arc of lightning.
The slime creature is struck by an arc of lightning.
You kill the slime creature!
Vehumet accepts your kill.
You feel your power returning.
The lightning grounds out.
The very large slime creature is struck by an arc of lightning!
You resist.
You are struck by an arc of lightning.
* * * LOW HITPOINT WARNING * * *
The slime creature is struck by an arc of lightning!
The very large slime creature is struck by an arc of lightning.
The slime creature is struck by an arc of lightning.
The lightning grounds out.
The slime creature is struck by an arc of lightning!
The lightning grounds out.
The very large slime creature hits you!!!
Ouch! That really hurt!
You die...

#.#.#.#.##+###.#
#.#.#......
###.#.......##.###
#.#.#...... #
#.#.......##...#
#.#.#...... #
#.#.......##...#
....#...... #
#.#.#..........#
....#.#..##
###.#.#....###...####
..#.....#
....#.#.#### #......#
###...# #####.#.#
#......# ..#.# # #.
#..@...# # #+
#.JJ...# # #......# #
............... #
..........##### .
............
........$.###
...........
###?......##


You could see a very large slime creature and a slime creature.

Vanquished Creatures
  A dire elephant (Lair:6)
  An ettin (Orc:2)
  2 fire dragons
  An ice dragon (D:15)
  2 boulder beetles
  2 ogre magi
  Erolcha (Orc:1)
  11 hydras
  17 two-headed ogres
  4 centaur warriors
  6 death yaks
  6 orc high priests (Orc:2)
  Urug (Orc:1)
  A fire crab (Lair:6)
  A swamp dragon (Lair:6)
  8 orc knights (Orc:2)
  A deep elf pyromancer (D:14)
  A lindwurm (Lair:4)
  A cyclops (D:14)
  21 ugly things
  2 orc sorcerers
  A salamander (shapeshifter) (D:15)
  2 manticores
  15 elephants
  Maggie (D:10)
  10 black mambas
  A gargoyle (D:12)
  A torpor snail (Lair:6)
  12 cane toads
  2 unseen horrors (D:11)
  5 yaktaurs (D:15)
  A komodo dragon (shapeshifter) (D:14)
  A yaktaur (shapeshifter) (D:15)
  3 efreet
  4 rime drakes
  A tengu conjurer (D:15)
  2 ice devils (Lair:3)
  4 kobold demonologists
  8 komodo dragons
  4 trolls
  3 meliai (D:15)
  11 polar bears
  26 slime creatures
  10 blink frogs (Lair:2)
  2 raiju (Lair:6)
  A meliai zombie (D:8)
  2 wraiths
  2 vampires
  6 basilisks
  29 yaks
  3 wyverns
  10 vampire mosquitoes
  6 steam dragons
  8 wargs
  2 acid dragons (Lair:6)
  A two-headed ogre zombie (Orc:1)
  7 water moccasins
  15 hell hounds (Lair:6)
  39 orc warriors
  2 sky beasts (D:7)
  A swamp drake (Lair:6)
  12 black bears
  22 ogres
  17 wolves
  7 centaurs
  8 kobold brigands
  5 gnoll sergeants
  8 bullfrogs
  A wyvern zombie (D:7)
  A scorpion (D:2)
  2 water moccasin zombies
  2 wyvern skeletons
  12 killer bees
  A water moccasin skeleton (D:7)
  An electric eel (Lair:2)
  4 howler monkeys
  8 centaur zombies
  29 orc priests
  2 jellies
  A gnoll shaman (D:4)
  2 hounds (D:5)
  A bullfrog skeleton (D:6)
  Ijyb (D:3)
  Terence (D:3)
  5 iguanas
  14 orc wizards
  A killer bee zombie (D:8)
  A hound skeleton (D:4)
  28 gnolls
  7 adders
  2 white imps
  An ufetubus (D:7)
  An adder skeleton (D:4)
  2 worms
  3 dart slugs
  105 orcs
  2 ball pythons (D:4)
  7 bats
  8 endoplasms
  A giant cockroach (D:3)
  3 goblins
  A hobgoblin (D:3)
  7 jackals
  15 kobolds
  3 quokkas
  5 frilled lizards
  3 rats
728 creatures vanquished.

Vanquished Creatures (collateral kills)
  2 ball lightnings (D:12)
2 creatures vanquished.

Vanquished Creatures (others)
  61 ball lightnings
  19 fungi
  52 plants
132 creatures vanquished.

Grand Total: 862 creatures vanquished

Notes
Turn   | Place    | Note
-------+----------+-------------------------------------------
     0 | D:1      | growler the Tengu Air Elementalist began the quest for the
                  | Orb.
     0 | D:1      | Reached XP level 1. HP: 10/10 MP: 4/4
   517 | D:1      | Reached XP level 2. HP: 15/15 MP: 3/6
   520 | D:1      | Learned a level 2 spell: Static Discharge
   579 | D:1      | Found a faded altar of an unknown god.
   751 | D:2      | Identified the +0 leather armour of Hedging {Dex+3 Stlth+}
  1010 | D:2      | Reached XP level 3. HP: 19/19 MP: 1/7
  1093 | D:2      | Found a glowing golden altar of the Shining One.
  1181 | D:2      | Noticed a scorpion
  1198 | D:2      | Killed a scorpion
  1199 | D:2      | Reached skill level 5 in Air Magic
  1199 | D:2      | Reached XP level 4. HP: 17/24 MP: 1/9
  1291 | D:2      | Learned a level 3 spell: Swiftness
  1976 | D:3      | Gained mutation: Your magical nature lets you fly swiftly
                  | and evasively. [Tengu growth]
  1976 | D:3      | Reached XP level 5. HP: 28/28 MP: 5/10
  2058 | D:3      | Noticed Ijyb
  2116 | D:2      | Learned a level 4 spell: Airstrike
  2259 | D:3      | Noticed Terence
  2265 | D:3      | Killed Terence
  2933 | D:3      | Killed Ijyb
  3033 | D:3      | Reached XP level 6. HP: 31/32 MP: 9/12
  3255 | D:4      | Reached skill level 6 in Air Magic
  3575 | D:4      | Reached skill level 5 in Conjurations
  3865 | D:4      | Reached XP level 7. HP: 36/36 MP: 3/14
  4307 | D:4      | Identified the +9 chain mail of True Grit {Str+3}
  4656 | D:5      | Entered Level 5 of the Dungeon
  4664 | D:5      | Reached skill level 7 in Air Magic
  5115 | D:5      | Found a runed translucent gate.
  5115 | D:5      | Found a runed translucent gate.
  5115 | D:5      | Found a runed translucent gate.
  5116 | D:5      | Noticed Fractals's ghost (novice OpBr)
  5116 | D:5      | Noticed JerBear56's ghost (novice GnFi)
  5116 | D:5      | Noticed pkoi's ghost (amateur MiHu)
  5116 | D:5      | Noticed zeram's ghost (novice OpFi)
  5362 | D:5      | Reached skill level 5 in Spellcasting
  5362 | D:5      | Reached XP level 8. HP: 11/41 MP: 7/16
  5746 | D:5      | Noticed a wyvern
  5749 | D:5      | Killed a wyvern
  5750 | D:5      | Reached skill level 8 in Air Magic
  6114 | D:5      | Identified the +9 spear "Ihupeth" {pain, Stlth+}
  6234 | D:6      | Found a staircase to the Ecumenical Temple.
  6241 | Temple   | Entered the Ecumenical Temple
  6321 | Temple   | Became a worshipper of Vehumet
  6553 | D:6      | Reached skill level 9 in Air Magic
  7232 | D:6      | Reached skill level 1 in Fighting
  7232 | D:6      | Reached skill level 10 in Air Magic
  7232 | D:6      | Reached XP level 9. HP: 47/47 MP: 4/17
  8754 | D:7      | Noticed a two-headed ogre
  8776 | D:7      | Killed a two-headed ogre
  8777 | D:7      | Reached skill level 5 in Dodging
  8777 | D:7      | Reached skill level 11 in Air Magic
  9122 | D:7      | Reached XP level 10. HP: 58/58 MP: 9/18
  9564 | D:7      | Reached * piety under Vehumet
  9564 | D:7      | Offered knowledge of Sandblast by Vehumet.
  9842 | D:8      | Reached skill level 5 in Fighting
 10308 | D:8      | Reached skill level 12 in Air Magic
 10696 | D:8      | Found Paphyer's Assorted Antiques.
 10706 | D:8      | Bought a coiled turquoise ring for 105 gold pieces
 10706 | D:8      | Identified the ring of the Messenger {rElec rF+ rC+ SInv}
                  | (You bought it in a shop on level 8 of the Dungeon)
 11349 | D:9      | Reached ** piety under Vehumet
 11349 | D:9      | Offered knowledge of Scorch by Vehumet.
 12150 | D:9      | Found a staircase to the Lair.
 12899 | D:10     | Entered Level 10 of the Dungeon
 12899 | D:10     | Noticed a kobold demonologist
 12899 | D:10     | Noticed a kobold demonologist
 12899 | D:10     | Noticed a kobold demonologist
 12901 | D:10     | Killed a kobold demonologist
 12905 | D:10     | Offered knowledge of Stone Arrow by Vehumet.
 12906 | D:10     | Killed a kobold demonologist
 12907 | D:10     | Reached skill level 13 in Air Magic
 12909 | D:10     | Killed a kobold demonologist
 13030 | D:10     | Reached XP level 11. HP: 60/67 MP: 14/19
 13187 | D:10     | Reached *** piety under Vehumet
 13356 | D:10     | Noticed a two-headed ogre
 13372 | D:10     | Killed a two-headed ogre
 13441 | D:10     | Found an ornate altar of the Wu Jian Council.
 13551 | D:10     | Noticed Maggie
 13564 | D:10     | Killed Maggie
 13891 | D:10     | Reached skill level 14 in Air Magic
 14067 | D:10     | Found a staircase to the Orcish Mines.
 14445 | D:10     | Offered knowledge of Inner Flame by Vehumet.
 15752 | D:10     | Found a staircase to the Orcish Mines.
 15864 | D:10     | Found an ornate altar of the Wu Jian Council.
 16193 | D:11     | Noticed a two-headed ogre
 16197 | D:11     | Killed a two-headed ogre
 16198 | D:11     | Reached skill level 1 in Shields
 16355 | D:11     | Found Publac's Distillery.
 16382 | D:11     | Reached skill level 10 in Dodging
 16382 | D:11     | Reached XP level 12. HP: 54/75 MP: 3/20
 16760 | D:11     | Reached **** piety under Vehumet
 17159 | Lair:1   | Entered Level 1 of the Lair of Beasts
 17162 | Lair:1   | Offered knowledge of Conjure Flame by Vehumet.
 17178 | Lair:1   | Reached skill level 15 in Air Magic
 17852 | Lair:1   | Noticed a seven-headed hydra
 17857 | Lair:1   | Killed a seven-headed hydra
 18479 | Lair:2   | Noticed an eight-headed hydra
 18483 | Lair:2   | Killed an eight-headed hydra
 18593 | Lair:2   | Noticed a four-headed hydra
 18598 | Lair:2   | Killed a four-headed hydra
 18599 | Lair:2   | Reached skill level 5 in Shields
 18715 | Lair:2   | Reached skill level 10 in Fighting
 18742 | Lair:2   | Noticed a four-headed hydra
 18924 | Lair:1   | Killed a four-headed hydra
 19180 | Lair:2   | Noticed a boulder beetle
 19307 | Lair:2   | Killed a boulder beetle
 19308 | Lair:2   | Reached skill level 16 in Air Magic
 19308 | Lair:2   | Reached XP level 13. HP: 75/82 MP: 6/21
 20765 | Lair:3   | Found a hole to the Spider Nest.
 21357 | Lair:3   | Found a white marble altar of Elyvilon.
 21413 | Lair:3   | Found a staircase to the Swamp.
 22328 | Lair:4   | Found a runed translucent gate.
 22329 | Lair:4   | Found a runed translucent gate.
 22329 | Lair:4   | Found a runed translucent gate.
 22329 | Lair:4   | Noticed an azure jelly
 22330 | Lair:4   | Noticed an azure jelly
 22330 | Lair:4   | Noticed an acid blob
 22330 | Lair:4   | Noticed Kuerar's ghost (journeyman BaFi)
 22330 | Lair:4   | Noticed an azure jelly
 22333 | Lair:4   | Noticed an acid blob
 22333 | Lair:4   | Noticed an acid blob
 22333 | Lair:4   | Noticed a quicksilver ooze
 22439 | Lair:4   | Noticed an azure jelly
 22442 | Lair:4   | Noticed an acid blob
 22443 | Lair:4   | Noticed an azure jelly
 22443 | Lair:4   | Noticed an acid blob
 22444 | Lair:4   | Noticed a great orb of eyes
 22860 | Lair:4   | Found a viscous altar of Jiyva.
 23179 | Lair:5   | Found a viscous altar of Jiyva.
 23179 | Lair:5   | Found a staircase to the Slime Pits.
 23689 | Lair:5   | Reached skill level 17 in Air Magic
 24309 | Lair:6   | Entered Level 6 of the Lair of Beasts
 24403 | Lair:6   | Found a glowing silver altar of Zin.
 24764 | Lair:6   | Reached ***** piety under Vehumet
 24789 | Lair:5   | Reached XP level 14. HP: 63/90 MP: 5/23
 25328 | Lair:6   | Offered knowledge of Freezing Cloud by Vehumet.
 26501 | Lair:6   | Learned a level 5 spell: Freezing Cloud
 26902 | Lair:6   | Noticed a dire elephant
 27749 | Lair:6   | Killed a dire elephant
 28925 | Lair:6   | Reached skill level 18 in Air Magic
 29336 | Orc:1    | Entered Level 1 of the Orcish Mines
 29353 | Orc:1    | Learned a level 6 spell: Conjure Ball Lightning
 29384 | Orc:1    | Noticed Erolcha
 29402 | Orc:1    | Killed Erolcha
 29402 | Orc:1    | Offered knowledge of Iskenderun's Battlesphere by Vehumet.
 29412 | Orc:1    | Noticed Urug
 29417 | Orc:1    | Killed Urug
 29772 | Orc:2    | Entered Level 2 of the Orcish Mines
 30729 | Orc:1    | Found Til Tarude's Antique Armour Boutique.
 31366 | Orc:1    | Reached XP level 15. HP: 68/97 MP: 17/26
 31905 | Orc:2    | Found a staircase to the Elven Halls.
 32172 | Orc:2    | Reached skill level 10 in Shields
 32689 | Orc:2    | Offered knowledge of Iron Shot by Vehumet.
 34686 | Orc:2    | Found Niusm's Book Shop.
 34687 | Orc:2    | Found Gadouf's Weapon Shop.
 34687 | Orc:2    | Found Wazuip's Weapon Boutique.
 34688 | Orc:2    | Found Liuduethref's Antique Weapon Shop.
 34698 | Orc:2    | Bought a book of Dangerous Friends for 600 gold pieces
 36295 | D:12     | You are sucked into a shaft and drop 2 floors!
 37294 | D:14     | Reached skill level 15 in Dodging
 37420 | D:14     | Reached skill level 10 in Conjurations
 37847 | D:14     | Identified the +7 war axe of Ceulaes {vamp, *Rage rPois rC+
                  | Int+2}
 38042 | D:14     | Reached XP level 16. HP: 105/105 MP: 3/28
 38171 | D:14     | Found a gate to the Vaults.
 38587 | D:15     | Entered Level 15 of the Dungeon
 38920 | D:15     | Reached skill level 19 in Air Magic
 39453 | D:15     | HP: 2/105 [yaktaur/bolt (22)]
 40300 | D:15     | Offered knowledge of Lee's Rapid Deconstruction by Vehumet.
 41283 | D:15     | Paralysed by an ogre mage for 2 turns
 41496 | D:15     | Found a staircase to the Depths.
 42178 | D:13     | Annihilated by a very large slime creature

Illustrated notes

Levels and vault maps discovered:
D:1:      erik_arrival_orb_chamber, layout_basic, basic_ecumenical_altar
D:2:      layout_basic, basic_altar, kennysheep_generic_room_2
D:3:      layout_loops_cross, uniq_ijyb, uniq_terence
D:4:      layout_loops_corners
D:5:      layout_basic, gammafunk_ghost_cemetery
D:6:      cheibrodos_steamvent, layout_cave_pods,
          minmay_temple_entry_stoned_glass
D:7:      layout_layer_cave
D:8:      layout_basic, serial_shops, shop_fountains, minmay_misc_feat_hallway,
          minmay_misc_feat_more_columns, minmay_misc_feat_enclosed
D:9:      layout_basic, lair_entry_dummy, special_room [special_room_orc]
D:10:     layout_roguey, mainiacjoe_overflow_boulevard,
          kennysheep_orc_monster_closet_entryway, uniq_maggie
D:11:     layout_cave_pools, serial_shops, nicolae_shop_statue_plus
D:12:     layout_stronghold
D:13:     layout_basic
D:14:     layout_layer_cave, david_vaults_4, nicolae_sextant
D:15:     grunt_enter_depths_hoard, layout_irregular_city
Temple:   mainiacjoe_temple_trianglar_array
Lair:1:   layout_big_grid
Lair:2:   layout_gridlike, chequers_serial_rivers_micro_c, nzn_sisyphean_effort,
          grunt_megastairs_3, infiniplex_staircase_pool
Lair:3:   hellmonk_ruined_rings, layout_cave_pods, minmay_swamp_entry_swarm,
          dummy_spider_entry, portal_ice_cave_demonic_guard, basic_altar
Lair:4:   layout_roguey, gammafunk_ghost_ooze
Lair:5:   layout_regular_city, dpeg_slime_entry_enclosed_altar,
          serial_bayou_shore_b
Lair:6:   hangedman_lair_caniforms_friends, layout_gridlike,
          guppyfry_lair_end_dragon, basic_altar
Orc:1:    lemuel_ogre_cave, layout_caves, serial_shops, shop, uniq_urug,
          uniq_erolcha
Orc:2:    st_orc_pillars, layout_caves, basic_altar, bh_open_orc_temple

Skill      XL: |  1  2  3  4  5  6  7  8  9 10 11 12 13 14 15 16 |
---------------+-------------------------------------------------+-----
Conjurations   | 2 3 4 5 7 9 10 11 | 11.0
Air Magic      | 5 6 7 10 11 13 14 16 17 18 19 | 19.3
Spellcasting   | 3 4 5 7 8 |  8.4
Fighting       | 1 4 7 8 10 11 12 13 14 | 14.2
Dodging        | 5 8 10 11 12 13 15 | 15.5
Shields        | 2 5 7 9 10 | 10.0
Stealth        | |  2.0

Action                   |  1- 3 |  4- 6 |  7- 9 | 10-12 | 13-15 | 16-18 || total
-------------------------+-------+-------+-------+-------+-------+-------++-------
Melee: Unarmed           |     2 |     1 |       |       |       |       ||     3
       Kick              |     1 |     1 |     2 |     2 |    26 |     8 ||    40
       Staff             |       |     1 |    10 |     4 |    62 |    14 ||    91
       Peck              |       |       |     4 |     2 |    20 |     6 ||    32
 Cast: Shock             |    36 |    65 |    61 |     5 |     6 |       ||   173
       Static Discharge  |     5 |    14 |    16 |   166 |   266 |    47 ||   514
       Airstrike         |       |     8 |    64 |   172 |   426 |    71 ||   741
       Freezing Cloud    |       |       |       |       |    13 |     3 ||    16
       Conjure Ball Ligh |       |       |       |       |    21 |     5 ||    26
Evoke: Wand              |       |       |       |     4 |     1 |       ||     5
  Use: Scroll            |       |     3 |     8 |     7 |     4 |     2 ||    24
       Potion            |       |       |       |       |     1 |       ||     1
Armor: Robe              |     2 |     1 |     5 |       |       |       ||     8
       Steam dragon scal |       |       |     3 |    51 |    59 |     2 ||   115
Dodge: Dodged            |     6 |     7 |    22 |   165 |   233 |    36 ||   469
Block: Kite shield       |       |       |       |    13 |   328 |    40 ||   381
       Reflection        |       |       |       |       |    14 |     8 ||    22
